 Dungeon Crawl Stone Soup version 0.20-a0-537-g052e6ba (webtiles) character file.

44 Asddderdsw the Digger (level 3, -1/19 HPs)
             Began as a Gargoyle Earth Elementalist on Jan 28, 2017.
             Slain by an adder (4 damage)
             ... on level 2 of the Dungeon.
             The game lasted 00:06:41 (912 turns).

Asddderdsw the Digger (Gargoyle Earth Elementalist)  Turns: 912, Time: 00:06:42

Health: -1/19      AC:  7    Str: 11    XL:     3   Next: 62%
Magic:  1/7        EV: 12    Int: 16    God:
Gold:   42         SH:  0    Dex: 10    Spells: 1/7 levels left

rFire    . . .     SeeInvis .   a - +0 club
rCold    . . .     Gourm    .   c - +0 robe
rNeg     + . .     Faith    .   (no shield)
rPois    ∞         Spirit   .   m - +0 helmet
rElec    +         Reflect  .   (no cloak)
rCorr    .         Harm     .   (no gloves)
MR       .....                  n - +0 pair of boots
Stlth    ++........             (no amulet)
Regen    0.1/turn               (no ring)
                                (no ring)

@: very slightly contaminated
A: negative energy resistance 1, electricity resistance, unbreathing,
petrification resistance, rot immunity, AC +3
a: no special abilities


You were on level 2 of the Dungeon.
You were not hungry.

You visited 1 branch of the dungeon, and saw 2 of its levels.

You collected 42 gold pieces.

Inventory:

Hand Weapons
 a - a +0 club (weapon)
Missiles
 b - 25 stones (quivered)
 j - 6 curare-tipped needles
 q - 2 tomahawks
Armour
 c - a +0 robe (worn)
 m - a +0 helmet (worn)
 n - a +0 pair of boots (worn)
Scrolls
 i - a scroll of identify {unknown}
 k - a scroll of recharging {unknown}
 l - a scroll of amnesia {unknown}
 p - 2 scrolls of remove curse
Potions
 g - a potion of curing {unknown}
 o - a potion of might {unknown}
Books
 e - a book of Geomancy

   Spells                             Type                      Level
   a - Sandblast                      Earth                        1
   b - Passwall                       Transmutation/Earth          2
   c - Stone Arrow                    Conjuration/Earth            3
   d - Petrify                        Transmutation/Earth          4
   e - Lee's Rapid Deconstruction     Earth                        5
Comestibles
 d - 2 bread rations
 f - 7 chunks of flesh
 h - a fruit


   Skills:
 + Level 0.2 Maces & Flails
 + Level 1.8 Dodging
 + Level 2.5 Stealth
 + Level 2.6 Spellcasting
 + Level 0.7 Transmutations
 + Level 4.3 Earth Magic


You had one spell level left.
You knew the following spells:

 Your Spells              Type           Power        Failure   Level  Hunger
a - Sandblast             Erth           ###...       3%          1    #......
b - Passwall              Tmut/Erth      ##........   12%         2    ##.....
c - Stone Arrow           Conj/Erth      #.....       28%         3    ###....


Dungeon Overview and Level Annotations

Branches:
Dungeon (2/15)

Altars:
Nemelex Xobeh


Innate Abilities, Weirdness & Mutations

You are resistant to torment.
Your stone body is resilient. (AC +3)
You are immune to poison.
You resist negative energy. (rN+)
You are resistant to electric shocks. (rElec)
You can survive without breathing.
You are immune to petrification.
You are immune to rotting.


Message History

The adder is heavily wounded.
The adder bites you. x2
You barely miss the adder.
The adder is heavily wounded.
The adder bites you but does no damage.
You hit the adder but do no damage.
The adder is heavily wounded.
The adder closely misses you. The adder bites you.
You closely miss the adder.
The adder is heavily wounded.
The adder bites you. x2
You closely miss the adder.
The adder is heavily wounded.
The adder barely misses you.
You barely miss the adder.
The adder is heavily wounded.
The adder bites you.
* * * LOW HITPOINT WARNING * * *
The adder bites you.
You die...

#...##.##........#
##..##^..##.....K...
##..##^._..##......#.
#..##.......##......
#.##....^...^##....#
#.#...#####.^^#....# #
#.##.'#.#.#'.##....#.##.
#..###..#..###..##......
##.....###......@Ss..#
##.#......#.#...###.#
#.....###..#.### #..####
#.##.# #..# #.#..# #..#
##...## ##..#####..###
#....)##...#
#.....##..##


You could see an adder and a giant cockroach.

Vanquished Creatures
  An adder (D:2)
  2 oozes
  A leopard gecko (D:1)
  A giant cockroach (D:1)
  3 goblins
  3 hobgoblins
  4 jackals (D:1)
  3 bats (D:1)
  A frilled lizard (D:1)
  3 kobolds (D:1)
  4 rats
26 creatures vanquished.

Notes
Turn   | Place    | Note
-------+----------+-------------------------------------------
     0 | D:1      | Asddderdsw the Gargoyle Earth Elementalist began the quest for the Orb.
     0 | D:1      | Reached XP level 1. HP: 10/10 MP: 3/3
   114 | D:1      | Reached XP level 2. HP: 15/15 MP: 1/5
   274 | D:1      | Learned a level 2 spell: Passwall
   275 | D:1      | Reached skill level 4 in Earth Magic
   549 | D:1      | Reached XP level 3. HP: 19/19 MP: 4/6
   735 | D:2      | Learned a level 3 spell: Stone Arrow
   870 | D:2      | Found a sparkling altar of Nemelex Xobeh.
   912 | D:2      | Slain by an adder

Vault maps used:
D:1:      dpeg_arrival_rooms_a
D:2:      first_bread, nemelex_spade_bored_becter

Skill      XL: |  1  2 |
---------------+-------+-----
Earth Magic    | 4 |  4.3
Maces & Flails | |  0.2
Dodging        | |  1.8
Stealth        | |  2.5
Spellcasting   | |  2.6
Transmutations | |  0.7

Action                   || total
-------------------------++-------
Melee: Club              ||    43
 Cast: Sandblast         ||    24
       Stone Arrow       ||     2
  Use: Scroll            ||     1
 Stab: Sleeping          ||     1
  Eat: Chunk             ||     1
Armor: Robe              ||    17
Dodge: Dodged            ||    36
